 Dungeon Crawl Stone Soup version 0.25.0-11-g1f837a76a1 (webtiles) character file.

Game seed: 7826664819138229855

362 MisterFreud the Chopper (level 6, 0/47 HPs)
             Began as a Formicid Fighter on June 27, 2020.
             Slain by an ogre
             ... wielding a +0 giant club
              (15 damage)
             ... on level 4 of the Dungeon.
             The game lasted 00:05:18 (3473 turns).

MisterFreud the Chopper (Formicid Fighter)          Turns: 3473, Time: 00:05:18

Health: 0/47       AC: 10    Str: 22    XL:     6   Next: 99%
Magic:  6/6        EV:  8    Int:  8    God:
Gold:   221        SH: 11    Dex: 10    Spells: 5/5 levels left

rFire    . . .     SeeInvis +   a - +0 war axe
rCold    + . .     Gourm    .   n - +2 kite shield
rNeg     . . .     Faith    .   b - +0 scale mail
rPois    .         Spirit   .   (helmet unavailable)
rElec    .         Reflect  .   r - scarf {+Inv}
rCorr    .         Harm     .   (no gloves)
MR       .....                  e - +2 pair of boots
Stlth    +.........             (no amulet)
HPRegen  0.15/turn              u - ring of protection from cold
MPRegen  0.10/turn              j - ring of stealth

@: no status effects
A: permanent stasis, dig shafts and tunnels, four strong arms, antennae 3
a: Dig, Shaft Self, Evoke Invisibility


You were on level 4 of the Dungeon.
You were hungry.

You visited 1 branch of the dungeon, and saw 4 of its levels.

You collected 221 gold pieces.

Inventory:

Hand Weapons
 a - a +0 war axe (weapon)
Armour
 b - a +0 scale mail (worn)
 c - a +0 kite shield
 e - a +2 pair of boots (worn)
 n - a +2 kite shield (worn)
 r - a scarf of invisibility (worn)
Jewellery
 i - an uncursed ring of fire
 j - a ring of stealth (right hand)
 u - a ring of protection from cold (left hand)
Scrolls
 g - a scroll of fog {unknown}
 h - a scroll of random uselessness {unknown}
 k - 5 scrolls of identify {unknown}
 l - 5 scrolls of teleportation {unknown}
 o - 3 scrolls of remove curse {unknown}
 q - 2 scrolls of immolation {unknown}
Potions
 d - a potion of might
 m - 2 potions of curing {unknown}
 p - 2 potions of haste {unknown}
 s - 2 potions of stabbing {unknown}
 t - a potion of ambrosia {unknown}
 v - 2 potions of lignification {unknown}
 w - a potion of degeneration {unknown}
Comestibles
 f - 4 rations


   Skills:
 - Level 3.2 Fighting
 + Level 6.9 Axes
 - Level 3.2 Armour
 - Level 3.6 Shields


You had 5 spell levels left.
You didn't know any spells.
Your spell library contained the following spells:

 Spells                   Type           Power        Failure   Level  Hunger
 Animate Skeleton         Necr           N/A          98%         1    ##.....
 Pain                     Necr           #...         98%         1    ##.....
 Vampiric Draining        Necr           #.........   100%        3    ####...
 Animate Dead             Necr           N/A          100%        4    #####..
 Agony                    Necr           #.......     100%        5    ######.


Dungeon Overview and Level Annotations

Branches:
Dungeon (4/15)
 Temple: D:4-7

Altars:
Elyvilon
Fedhas
Makhleb

Annotations:
D:3 2 transporters, bli's ghost, amateur DrTm


Innate Abilities, Weirdness & Mutations

You cannot be hasted, slowed, berserked, paralysed or teleported.
You can dig through walls and to a lower floor.
Your four strong arms can wield two-handed weapons with a shield.
You have a pair of large antennae on your head. (SInv)


Message History

The ogre hits you with a +0 giant club. The ogre hits you with a +0 giant club.
You slash the ogre!
The ogre is heavily wounded.
The ogre hits you with a +0 giant club!
Your shield prevents you from hitting the ogre.
The ogre is heavily wounded.
The ogre hits you with a +0 giant club.
Your shield and scale mail prevent you from hitting the ogre.
The ogre is heavily wounded.
The ogre hits you with a +0 giant club!
* * * LOW HITPOINT WARNING * * *
You are too injured to fight recklessly!
You are too injured to fight recklessly!
You slash the ogre!
The ogre is almost dead.
You barely miss the ogre.
The ogre is almost dead.
The ogre hits you with a +0 giant club!
You die...

..#... # #..# ###### ##
#..# #....###. #..#
###.##... #..#
#......_. #..#
##....... #.#####..#
##....###
#.......O#######.....##
#@..............#
#..########.##.## #..#
####.# #..# ### #..#
#..# ...# ...#


You could see an ogre.

Vanquished Creatures
  A bullfrog (D:3)
  A howler monkey (D:4)
  A jelly (D:3)
  Jessica (D:3)
  2 orc wizards (D:4)
  2 worker ants
  2 adders (D:3)
  A worm (D:3)
  2 dart slugs (D:3)
  3 leopard geckos
  2 orcs
  6 giant cockroaches
  8 goblins
  8 hobgoblins
  8 jackals (D:1)
  6 kobolds
  A quokka (D:3)
  2 ball pythons
  7 bats
  7 frilled lizards
  A quokka skeleton (D:4)
  6 rats
78 creatures vanquished.

Notes
Turn   | Place    | Note
-------+----------+-------------------------------------------
     0 | D:1      | MisterFreud the Formicid Fighter began the quest for the
                  | Orb.
     0 | D:1      | Reached XP level 1. HP: 18/18 MP: 1/1
     4 | D:1      | Noticed an elephant
   115 | D:1      | Reached XP level 2. HP: 22/24 MP: 2/2
   356 | D:1      | Reached skill level 3 in Axes
   555 | D:1      | Reached XP level 3. HP: 29/29 MP: 3/3
   653 | D:1      | You fall into a shaft and drop 1 floor!
   708 | D:1      | Noticed a death yak
  1587 | D:3      | Found a white marble altar of Elyvilon.
  1636 | D:3      | Reached skill level 4 in Axes
  1636 | D:3      | Reached XP level 4. HP: 35/35 MP: 4/4
  1897 | D:3      | Noticed Jessica
  1905 | D:3      | Killed Jessica
  1909 | D:3      | Reached XP level 5. HP: 26/41 MP: 5/5
  2107 | D:3      | Noticed a big kobold
  2110 | D:3      | Noticed a small abomination
  2110 | D:3      | Noticed bli's ghost (amateur DrTm)
  2131 | D:3      | Reached skill level 5 in Axes
  2313 | D:3      | Found a transporter.
  2315 | D:3      | Found a transporter.
  2339 | D:3      | Noticed a bullfrog
  2353 | D:3      | Killed a bullfrog
  2353 | D:3      | Reached XP level 6. HP: 18/47 MP: 6/6
  2599 | D:3      | Reached skill level 6 in Axes
  2995 | D:3      | Found a blossoming altar of Fedhas.
  3432 | D:4      | Found a burning altar of Makhleb.
  3462 | D:4      | Noticed an ogre
  3473 | D:4      | Slain by an ogre

Illustrated notes

Levels and vault maps discovered:
D:1:      sevenhm_arrival_forest_fort_small_2, layout_loops_ring, serial_glass,
          glass_columns_a, glass_columns_c, feat_on_display, item_on_display_b,
          item_on_display_a, minmay_tetromino_o2
D:2:      layout_loops_ring
D:3:      minmay_evil_eye, layout_loops_corners, elyvilon_altar_4,
          nicolae_overflow_hidden_temple, gammafunk_ghost_abyssal_escape,
          uniq_jessica
D:4:      minmay_clustersquares, layout_cave_pools, bloody_makhleb,
          kennysheep_mini, minitemple, enter_ossuary_4, roderic_lattice_a

Skill      XL: |  1  2  3  4  5  6 |
---------------+-------------------+-----
Axes           | 3 4 5 6 |  6.9
Fighting       | |  3.2
Armour         | |  3.2
Shields        | |  3.6

Action                   |  1- 3 |  4- 6 || total
-------------------------+-------+-------++-------
Melee: War axe           |   173 |   157 ||   330
 Abil: Dig               |       |     1 ||     1
  Eat: Chunk             |     2 |     6 ||     8
Armor: Scale mail        |    94 |    62 ||   156
Dodge: Dodged            |    51 |    44 ||    95
Block: Kite shield       |    87 |   117 ||   204
